 Dungeon Crawl Stone Soup version 0.19.1-1-g22dce08 (webtiles) character file.

83 Megalobster the Conjurer (level 4, -3/24 HPs)
             Began as a Deep Elf Conjurer on Jan 13, 2017.
             Killed from afar by an orc wizard (6 damage)
             ... with a magic dart
             ... on level 3 of the Dungeon.
             The game lasted 00:11:36 (2301 turns).

Megalobster the Conjurer (Deep Elf Conjurer)        Turns: 2301, Time: 00:11:38

Health: -3/24      AC:  4    Str:  6    XL:     4   Next: 22%
Magic:  1/11       EV: 12    Int: 22    God:
Gold:   88         SH:  4    Dex: 15    Spells: 2 memorised, 7 levels left

rFire  . . .     SeeInvis .     x - +0 quarterstaff
rCold  . . .     Gourm    .     A - +0 leather armour (curse)
rNeg   . . .     Faith    .     (shield currently unavailable)
rPois  .         Spirit   .     (no helmet)
rElec  .         Reflect  +     (no cloak)
rCorr  .         Harm     .     y - +0 pair of gloves
MR     .....                    (no boots)
Stlth  ++........               k - +4 amulet of reflection
                                p - +2 ring of intelligence
                                h - +1 ring of slaying

@: very slightly contaminated
A: no striking features
a: no special abilities


You were on level 3 of the Dungeon.
You were not hungry.

You visited 1 branch of the dungeon, and saw 3 of its levels.

You collected 88 gold pieces.

Inventory:

Hand Weapons
 f - a +0 dagger
 w - a +0 short sword
 x - a +0 quarterstaff (weapon)
Missiles
 u - 22 arrows
 v - 38 stones (quivered)
Armour
 a - a +1 robe
 r - a +0 robe
 y - a +0 pair of gloves (worn)
 A - a cursed +0 leather armour (worn)
Jewellery
 h - a +1 ring of slaying (left hand)
 k - a +4 amulet of reflection (around neck)
 p - a +2 ring of intelligence (right hand)
Scrolls
 d - a scroll of amnesia
 g - a scroll of blinking
 i - a scroll of enchant armour
 n - a scroll of enchant weapon
 q - a scroll of teleportation {unknown}
 B - a scroll of fog {unknown}
 C - a scroll of remove curse {unknown}
Potions
 e - a potion of agility {unknown}
 j - a potion of lignification {unknown}
 l - a potion of might {unknown}
 m - a potion of heal wounds {unknown}
 o - a potion of brilliance {unknown}
 s - a potion of flight {unknown}
 D - a potion of curing {unknown}
Books
 b - a book of Conjurations

   Spells                             Type                      Level
   a - Magic Dart                     Conjuration                  1
   b - Searing Ray                    Conjuration                  2
   c - Dazzling Spray                 Conjuration/Hexes            3
   d - Fulminant Prism                Conjuration/Hexes            4
   e - Iskenderun's Mystic Blast      Conjuration                  4
   f - Iskenderun's Battlesphere      Conjuration/Charms           5
Comestibles
 c - 2 bread rations
 z - a meat ration


   Skills:
 + Level 0.1 Fighting
 * Level 0.4 Staves
 + Level 0.1 Armour
 + Level 2.7 Dodging
 - Level 2.4 Stealth
 + Level 3.5 Spellcasting
 * Level 5.9 Conjurations


You had 7 spell levels left.
You knew the following spells:

 Your Spells              Type           Power        Failure   Level  Hunger
a - Magic Dart            Conj           ####         1%          1    None
b - Searing Ray           Conj           ####..       2%          2    ##.....


Dungeon Overview and Level Annotations

Branches:
Dungeon (3/15)

Altars:
Ashenzari
Nemelex Xobeh
Ru
Uskayaw


Message History

The searing ray hits the orc wizard.
The orc wizard is severely wounded.
Something hits you but does no damage. The orc wizard casts a spell at you.
The magic dart hits you!
* * * LOW HITPOINT WARNING * * *
Unknown command.
Without enough magic to sustain it, your searing ray dissipates.
Something hits you but does no damage.
The orc wizard hits you but does no damage.
A bat comes into view.
You barely miss the bat. The bat closely misses you. Something hits you.
* * * LOW HITPOINT WARNING * * *
You hit the bat.
The bat is severely wounded.
The bat completely misses you. Something hits you.
* * * LOW HITPOINT WARNING * * *
The orc wizard casts a spell at you. The magic dart hits you!
You die...

#.# #.#
##.# ...
#.# #.###
##.o.###.#
#.@{l....#
#<##)##..#
#b# .# ...
..
##.##[##
#.# .# #..
.. ### .#


You could see an orc wizard, a bat and a frilled lizard.

Vanquished Creatures
  2 adders (D:2)
  4 worms (D:2)
  3 dart slugs
  3 leopard geckos (D:2)
  3 orcs (D:3)
  5 bats
  2 giant cockroaches (D:1)
  4 goblins
  5 hobgoblins
  5 frilled lizards
  4 kobolds
  4 rats
44 creatures vanquished.

Notes
Turn   | Place    | Note
-------+----------+-------------------------------------------
     0 | D:1      | Megalobster the Deep Elf Conjurer began the quest for the Orb.
     0 | D:1      | Reached XP level 1. HP: 10/10 MP: 6/6
   178 | D:1      | Reached XP level 2. HP: 15/15 MP: 1/8
   196 | D:1      | Reached skill level 5 in Conjurations
   420 | D:1      | Learned a level 2 spell: Searing Ray
   960 | D:2      | Reached XP level 3. HP: 19/19 MP: 4/9
  1687 | D:2      | Reached XP level 4. HP: 24/24 MP: 8/11
  1929 | D:2      | Found a hide-covered altar of Uskayaw.
  1929 | D:2      | Found a shattered altar of Ashenzari.
  2028 | D:2      | Found a sparkling altar of Nemelex Xobeh.
  2028 | D:2      | Found a sacrificial altar of Ru.
  2301 | D:3      | Killed from afar by an orc wizard

Skill      XL: |  1  2 |
---------------+-------+-----
Conjurations   | 5 |  5.9
Fighting       | |  0.1
Staves         | |  0.4
Armour         | |  0.1
Dodging        | |  2.7
Stealth        | |  2.4
Spellcasting   | |  3.5

Action                   |  1- 3 |  4- 6 || total
-------------------------+-------+-------++-------
Melee: Dagger            |     3 |       ||     3
       Quarterstaff      |       |     3 ||     3
 Cast: Magic Dart        |    66 |    13 ||    79
       Searing Ray       |     2 |     2 ||     4
  Use: Scroll            |     1 |     3 ||     4
  Eat: Chunk             |     2 |       ||     2
       Bread ration      |       |     1 ||     1
Armor: Robe              |     1 |       ||     1
       Leather armour    |       |     3 ||     3
Dodge: Dodged            |    10 |     2 ||    12
Block: Other             |       |     1 ||     1
